 Dungeon Crawl Stone Soup version 0.28-a0-224-g76b539d98b (webtiles) character file.

Game seed: 8232188044556554204

214 Conn the Firebug (level 5, 0/29 (31) HPs)
             Began as an Octopode Fire Elementalist on Aug 21, 2021.
             Killed by divine providence
             ... invoked by an orc priest
              (17 damage)
             ... on level 3 of the Dungeon.
             The game lasted 00:06:20 (2768 turns).

Conn the Firebug (Octopode Fire Elementalist)       Turns: 2768, Time: 00:06:21

HP:   0/29 (31)     AC:  1    Str:  7    XL:     5   Next: 92%
MP:   7/9           EV: 13    Int: 19    God:
Gold: 78            SH:  0    Dex: 12    Spells: 6/10 levels left

rFire   . . .      SeeInvis .   j - +3 quarterstaff (chaos)
rCold   . . .      Faith    .   (shield currently unavailable)
rNeg    . . .      Spirit   .   (helmet restricted)
rPois   .          Reflect  .   (no amulet)
rElec   .          Harm     .   (no ring)
rCorr   .          Rampage  .   (no ring)
Will    .....                   (no ring)
Stlth   ++++......              (no ring)
HPRegen 0.09/turn               (no ring)
MPRegen 0.11/turn               (no ring)
                                (no ring)
                                (no ring)

@: drained
A: almost no armour, amphibious, 8 rings, camouflage 1, gelatinous body 1,
nimble swimmer 1, tentacles
a: no special abilities


You were on level 3 of the Dungeon.
You visited 1 branch of the dungeon, and saw 3 of its levels.

You collected 78 gold pieces.

Inventory:

Hand Weapons
 f - a +0 dagger
 j - a +3 quarterstaff of chaos (weapon)
Missiles
 g - 18 sling bullets
Scrolls
 a - a scroll of holy word {unknown}
 b - a scroll of vulnerability {unknown}
 c - a scroll of noise {unknown}
 d - a scroll of teleportation {unknown}
 e - a scroll of amnesia {unknown}
Potions
 h - a potion of curing {unknown}
 i - a potion of mutation {unknown}
 k - a potion of ambrosia {unknown}


   Skills:
 + Level 2.3 Dodging
 + Level 4.2 Stealth
 + Level 3.1 Spellcasting
 + Level 2.2 Conjurations
 + Level 4.5 Fire Magic


You had 6 spell levels left.
You knew the following spells:

 Your Spells              Type           Power      Damage    Failure   Level
a - Foxfire               Conj/Fire      60%        2x1d7     3%          1
b - Conjure Flame         Conj/Fire      15%        6-21      11%         3

Your spell library contained the following spells:

 Spells                   Type           Power      Damage    Failure   Level
 Inner Flame              Hex/Fire       11%        N/A       19%         3
 Sticky Flame             Conj/Fire      15%        2d4       36%         4
 Fireball                 Conj/Fire      7%         3d5       71%         5


Dungeon Overview and Level Annotations

Branches:
Dungeon (3/15)

Altars:

Shops:
D:2 :


Innate Abilities, Weirdness & Mutations

You cannot wear most types of armour.
You are amphibious.
You can wear up to eight rings at the same time.
Your skin changes colour to match your surroundings (Stealth+).
Your rubbery body absorbs attacks. (AC +1, EV +1)
You are camouflaged near water. (Stealth+)
You have tentacles for arms and can constrict up to eight enemies at once.


Message History

You see here a hobgoblin corpse.
Found a stone staircase leading down.
There is a stone staircase leading down here.
Found a stone staircase leading down.
A goblin comes into view. It is wielding a +0 club.
There is a stone staircase leading down here.
The helpless goblin fails to defend itself.
You thump the goblin!
You kill the goblin!
You see here a +0 club.
Found a short sword.
You see here a +0 short sword.
A bat comes into view.
Casting: Foxfire (safe; 3% risk of failure)
Confirm with . or Enter, or press ? or * to list all spells.
You conjure some foxfire!
Unknown command.
The foxfire hits the bat.
You kill the bat!
Unknown command.
Your foxfire dissipates!
You see here a bat corpse.
The orc priest shouts!
Casting: Foxfire (safe; 3% risk of failure)
Confirm with . or Enter, or press ? or * to list all spells.
You conjure some foxfire!
The orc priest invokes the aid of Beogh against you.
Beogh smites you!
Unknown command.
Casting: Foxfire (safe; 3% risk of failure)
Confirm with . or Enter, or press ? or * to list all spells.
You conjure some foxfire!
The foxfire hits the orc priest but does no damage.
The foxfire hits the orc priest.
The orc priest is moderately wounded.
The orc priest is engulfed in a cloud of scalding steam.
The orc priest mumbles some strange prayers to Beogh against you.
Beogh smites you!
Ouch! That really hurt!
You die...

#≈≈....# #≈≈....#
#≈≈P...# ###≈≈....#
#.≈≈≈....# #.≈≈o..P.#
#.≈v≈....# #.≈@§....#
#.v≈§....###########
#.≈≈≈....##..>......
#.≈≈≈....##)########
#.≈≈≈....#..........
#+###≈≈P...##.########
### #.o #≈≈....#..# #
....#g.
#≈≈....######## #
≈≈≈≈#####≈≈....# #...#
#


You could see an orc priest (ally target).

Vanquished Creatures
  Crazy Yiuf (D:2)
  An orc wizard (D:3)
  7 gnolls
  4 adders (D:2)
  A dart slug (D:1)
  3 orcs
  4 endoplasms
  4 giant cockroaches
  4 goblins
  6 hobgoblins
  5 jackals
  2 kobolds
  2 quokkas (D:1)
  3 ball pythons (D:2)
  3 bats
  2 frilled lizards
  5 rats
57 creatures vanquished.

Vanquished Creatures (others)
  173 foxfires
  A plant (D:3)
174 creatures vanquished.

Grand Total: 231 creatures vanquished

Notes
Turn   | Place    | Note
-------+----------+-------------------------------------------
     0 | D:1      | Conn the Octopode Fire Elementalist began the quest for the
                  | Orb.
     0 | D:1      | Reached XP level 1. HP: 11/11 MP: 3/3
    71 | D:1      | Reached XP level 2. HP: 9/17 MP: 1/5
   686 | D:1      | Reached XP level 3. HP: 21/21 MP: 2/6
   876 | D:1      | Learned a level 3 spell: Conjure Flame
  1007 | D:2      | Found a faded altar of an unknown god.
  1306 | D:2      | Found Niod's Book Shoppe.
  1539 | D:2      | Reached XP level 4. HP: 27/27 MP: 4/7
  2131 | D:2      | Found a runed translucent door.
  2132 | D:2      | Noticed Crazy Yiuf
  2178 | D:2      | Killed Crazy Yiuf
  2179 | D:2      | Reached XP level 5. HP: 31/31 MP: 0/9
  2768 | D:3      | Killed from afar by an orc priest

Illustrated notes

Levels and vault maps discovered:
D:1:      amcnicky_arrival_double_pillar, layout_rooms
D:2:      layout_loops_ring, serial_shops, shop,
          dreamdust_ecumenical_altar_grove, uniq_crazy_yiuf_cottage
D:3:      lemuel_castle_with_subvaults [lemuel_castle_interior_carwin_2],
          layout_loops_ring

Skill      XL: |  1  2  3  4  5 |
---------------+----------------+-----
Stealth        | 3 4 |  4.2
Fire Magic     | 4 |  4.5
Spellcasting   | 3 |  3.1
Conjurations   | 2 |  2.2
Dodging        | |  2.3

Action                   |  1- 3 |  4- 6 || total
-------------------------+-------+-------++-------
Melee: Unarmed           |    21 |       ||    21
       Constrict         |     7 |     4 ||    11
       Tentacles         |     6 |     2 ||     8
       Dagger            |     3 |     4 ||     7
       Quarterstaff      |       |     5 ||     5
 Cast: Foxfire           |    48 |    56 ||   104
       Conjure Flame     |       |     1 ||     1
 Stab: Sleeping          |       |     1 ||     1
Armor: Skin              |     9 |     1 ||    10
Dodge: Dodged            |    33 |     8 ||    41

Table legend: (Time is in decaauts)
 A = Elapsed time spent in this place.
 B = Non-inter-level travel time spent in this place.
 C = Inter-level travel time spent in this place.
 D = Time resting spent in this place.
 E = Time spent auto-exploring this place.
 F = Levels seen in this place.
 G = Mean time per level.
                   A        B        C        D        E       F      G
               +--------+--------+--------+--------+--------+-----+--------+
         Total |   2769 |   2687 |     82 |    231 |   1760 |   3 |  923.0 |
       Dungeon |   2769 |   2687 |     82 |    231 |   1760 |   3 |  923.0 |
               +--------+--------+--------+--------+--------+-----+--------+

Top non-repeatable levels by time:
     D:2: 1477 daAuts
     D:1: 918 daAuts
     D:3: 372 daAuts
